 Dungeon Crawl Stone Soup version 0.19-a0-1937-g70ed36a (webtiles) character file.

2187 varam the Destroyer (level 9, -3/49 HPs)
             Began as a Deep Elf Conjurer on Oct 26, 2016.
             Was a Believer of Vehumet.
             Slain by a hog (9 damage)
             ... on level 7 of the Dungeon.
             The game lasted 00:32:12 (7193 turns).

varam the Destroyer (Deep Elf Conjurer)             Turns: 7193, Time: 00:32:13

Health: -3/49      AC:  3    Str:  5    XL:     9   Next: 11%
Magic:  5/18       EV: 15    Int: 24    God:    Vehumet [**....]
Gold:   195        SH:  0    Dex: 15    Spells: 6 memorised, 4 levels left

rFire  . . .     SeeInvis .     y - +1 flail (protect)
rCold  . . .     Gourm    .     a - +0 robe
rNeg   + . .     Faith    .     (no shield)
rPois  .         Spirit   .     (no helmet)
rElec  .         Reflect  .     (no cloak)
rCorr  +         Harm     .     (no gloves)
MR     .....                    s - +0 pair of boots (curse)
Stlth  ++........               (no amulet)
                                o - ring of positive energy
                                l - ring of resist corrosion

@: repel missiles
A: no striking features
a: Renounce Religion


You were on level 7 of the Dungeon.
You worshipped Vehumet.
Vehumet was pleased with you.
You were hungry.

You visited 2 branches of the dungeon, and saw 8 of its levels.

You collected 195 gold pieces.

Inventory:

Hand Weapons
 u - a +1 dagger of venom
 y - a +1 flail of protection (weapon)
Armour
 a - a +0 robe (worn)
 s - a cursed +0 pair of boots (worn)
 A - the +3 ring mail "Mirghieje" {Slay+2}
   (You found it on level 5 of the Dungeon)

   It affects your accuracy and damage with ranged weapons and melee attacks
   (+2).
 B - a +0 shield
Jewellery
 l - a ring of resist corrosion (left hand)
 o - a ring of positive energy (right hand)
 E - a +4 ring of evasion {unknown}
Wands
 f - a wand of flame (34/48)
 F - a wand of random effects (33/48)
Scrolls
 d - 4 scrolls of fog {unknown}
 g - 4 scrolls of enchant armour {unknown}
 i - 4 scrolls of identify {unknown}
 j - 2 scrolls of noise {unknown}
 k - 4 scrolls of remove curse {unknown}
 r - a scroll of fear {unknown}
 t - a scroll of teleportation {unknown}
 v - a scroll of blinking {unknown}
 x - a scroll of enchant weapon {unknown}
 C - a scroll of amnesia {unknown}
Potions
 e - 2 potions of agility {unknown}
 h - 2 potions of curing {unknown}
 m - a potion of flight {unknown}
 n - a potion of mutation {unknown}
 p - 2 potions of might {unknown}
 w - 2 potions of lignification {unknown}
Books
 b - a book of Conjurations

   Spells                             Type                      Level
   a - Magic Dart                     Conjuration                  1
   b - Searing Ray                    Conjuration                  2
   c - Dazzling Spray                 Conjuration/Hexes            3
   d - Fulminant Prism                Conjuration/Hexes            4
   e - Iskenderun's Mystic Blast      Conjuration                  4
   f - Iskenderun's Battlesphere      Conjuration/Charms           5
 q - a book of Minor Magic

   Spells                             Type                      Level
   a - Magic Dart                     Conjuration                  1
   b - Blink                          Translocation                2
   c - Call Imp                       Summoning                    2
   d - Repel Missiles                 Charms/Air                   2
   e - Slow                           Hexes                        2
   f - Conjure Flame                  Conjuration/Fire             3
   g - Mephitic Cloud                 Conjuration/Poison/Air       3
Comestibles
 c - 5 bread rations
 z - 3 meat rations
 D - a beef jerky
 G - 3 chunks of flesh


   Skills:
 * Level 2.6 Fighting
 * Level 4.8 Dodging
 - Level 2.4 Stealth
 * Level 5.2 Spellcasting
 * Level 9.7 Conjurations
 * Level 9.3 Charms
 + Level 1.9 Fire Magic


You had 4 spell levels left.
You knew the following spells:

 Your Spells              Type           Power        Failure   Level  Hunger
a - Magic Dart            Conj           ####         1%          1    None
b - Searing Ray           Conj           ######       1%          2    None
c - Mephitic Cloud        Conj/Pois/Air  ###.....     10%         3    ##.....
d - Flame Tongue          Conj/Fire      ####.        1%          1    None
e - Iskenderun's Battles  Conj/Chrm      ######..     6%          5    #####..
z - Repel Missiles        Chrm/Air       ####..       1%          2    None


Dungeon Overview and Level Annotations

Branches:
Dungeon (7/15)             Temple (1/1) D:4

Altars:
Fedhas
Trog
Vehumet
Zin
The Shining One


Message History

* * * LOW HITPOINT WARNING * * *
The hog bites you!
* * * LOW HITPOINT WARNING * * *
The hog completely misses your battlesphere.
The hog bites your battlesphere! The hog bites your battlesphere.
Casting: Magic Dart
Confirm with . or Enter, or press ? or * to list all spells.
Aiming: Magic Dart
Press: ? - help, Shift-Dir - straight line, f/p - hog
Aim: a hog (moderately wounded)
The magic dart hits the hog.
The hog is moderately wounded.
Your battlesphere fires!
The barrage of energy hits the hog.
The hog is severely wounded.
The hog bites your battlesphere.
Your battlesphere is destroyed!
The hog bites you!
You die...

......##..........>.#
##.##
..#...##....#.......#
#...#
......####..#.......#
#.#.#
....#.####..#.......##
#...#
#####.......##.......#
##.##
######.###.#####.# #.#
#># #.......####.#
#.###.##.........#
#......@h##.######
#####.#..##.#
#.......# #.#####.# #
#.......# #########


You could see a hog.

Vanquished Creatures
  A yak (D:7)
  A human (D:7)
  An orc warrior (D:7)
  2 ice beasts
  4 ogres
  Blork the orc (D:4)
  A bullfrog (D:6)
  2 scorpions
  3 howler monkeys (D:7)
  A centaur zombie (D:7)
  3 crimson imps
  3 orc priests
  A hound (D:6)
  A jelly (D:4)
  4 bullfrog skeletons
  5 orc wizards
  An iguana (D:3)
  3 worker ants
  2 hound skeletons
  3 gnolls (D:5)
  A howler monkey zombie (D:5)
  10 adders
  A shadow imp (D:3)
  An ooze (D:4)
  2 adder skeletons
  5 worms
  3 dart slugs
  6 leopard geckos
  19 orcs
  8 bats
  6 giant cockroaches
  4 goblins
  10 hobgoblins
  8 jackals (D:3)
  2 quokkas (D:3)
  8 frilled lizards
  A jackal skeleton (D:4)
  A kobold (D:3)
  A leopard gecko skeleton (D:4)
  A quokka skeleton (D:6)
  9 rats
150 creatures vanquished.

Vanquished Creatures (others)
  A shadow imp (D:5)
  An orc (D:5)
2 creatures vanquished.

Grand Total: 152 creatures vanquished

Notes
Turn   | Place    | Note
-------+----------+-------------------------------------------
     0 | D:1      | varam the Deep Elf Conjurer began the quest for the Orb.
     0 | D:1      | Reached XP level 1. HP: 10/10 MP: 6/6
   209 | D:1      | Reached XP level 2. HP: 15/15 MP: 6/8
   231 | D:1      | Reached skill level 5 in Conjurations
   243 | D:1      | Learned a level 2 spell: Searing Ray
  1090 | D:2      | Reached XP level 3. HP: 17/19 MP: 1/9
  1315 | D:2      | Found a blossoming altar of Fedhas.
  1592 | D:2      | Noticed a moth of wrath
  1594 | D:2      | Found a bloodstained altar of Trog.
  1928 | D:2      | Reached XP level 4. HP: 18/24 MP: 4/10
  2957 | D:3      | Reached XP level 5. HP: 21/28 MP: 3/11
  3033 | D:3      | Learned a level 5 spell: Iskenderun's Battlesphere
  3224 | D:4      | Noticed Blork the orc
  3255 | D:4      | Killed Blork the orc
  3354 | D:4      | Found a staircase to the Ecumenical Temple.
  3361 | Temple   | Entered the Ecumenical Temple
  3369 | Temple   | Became a worshipper of Vehumet
  3426 | D:4      | Noticed an ogre
  3744 | D:4      | Reached XP level 6. HP: 32/32 MP: 6/12
  3966 | D:5      | Entered Level 5 of the Dungeon
  4631 | D:4      | Reached skill level 5 in Charms
  4746 | D:4      | Reached XP level 7. HP: 36/36 MP: 5/13
  4807 | D:4      | Learned a level 3 spell: Mephitic Cloud
  4909 | D:5      | Got a twisted ring mail
  4928 | D:4      | Identified the +3 ring mail "Mirghieje" {Slay+2} (You found it on level 5 of the Dungeon)
  5160 | D:5      | Reached * piety under Vehumet
  5160 | D:5      | Offered knowledge of Shock by Vehumet.
  5993 | D:6      | Reached skill level 1 in Fighting
  5993 | D:6      | Reached XP level 8. HP: 26/43 MP: 1/14
  6086 | D:6      | Learned a level 2 spell: Repel Missiles
  6339 | D:6      | Reached ** piety under Vehumet
  6339 | D:6      | Offered knowledge of Flame Tongue by Vehumet.
  6342 | D:6      | Learned a level 1 spell: Flame Tongue
  6874 | D:7      | Reached skill level 1 in Fire Magic
  7171 | D:7      | Reached skill level 5 in Spellcasting
  7171 | D:7      | Reached XP level 9. HP: 49/49 MP: 8/18
  7193 | D:7      | Slain by a hog

Vault maps used:
D:1:      scummos_arrival_simple_crosswalls
D:2:      fedhas_altar_3, tgw_trog, kennysheep_flooded_box, minmay_heptomino_l4
D:3:      first_bread, st_stairs_5
D:4:      uniq_blork_the_orc
D:5:      lemuel_another_geyser
D:7:      statuecave_lemuel, grunt_livestock, kennysheep_generic_room_11,
          uniq_crazy_yiuf_cottage
Temple:   nicolae_temple_hex_pool

Skill      XL: |  1  2  3  4  5  6  7  8 |
---------------+-------------------------+-----
Conjurations   | 5 6 7 8 9 |  9.7
Charms         | 3 5 7 9 |  9.3
Fighting       | 1 2 |  2.6
Dodging        | 4 |  4.8
Spellcasting   | 5 |  5.2
Fire Magic     | 1 |  1.9
Stealth        | |  2.4

Action                   |  1- 3 |  4- 6 |  7- 9 || total
-------------------------+-------+-------+-------++-------
Melee: Dagger            |       |     4 |       ||     4
       Flail             |       |     2 |    51 ||    53
 Cast: Magic Dart        |    56 |    85 |   121 ||   262
       Searing Ray       |     5 |    19 |    13 ||    37
       Mephitic Cloud    |       |       |     7 ||     7
       Iskenderun's Batt |       |       |    10 ||    10
       Repel Missiles    |       |       |     1 ||     1
       Flame Tongue      |       |       |     1 ||     1
  Eat: Chunk             |     3 |     9 |    11 ||    23
Armor: Robe              |       |     9 |    22 ||    31
Dodge: Dodged            |     7 |    35 |    68 ||   110
       Deflected         |       |       |     3 ||     3
